AoeStats
← [ Wildpigs ] Mighty MOSE

Black Forest

510159977Analyzed
4v4 RM · 2d ago on Sep 29, 2026· 33m 6s· 8 players
Game mode
Random Map
Map size
Large (8 player)
Population
200
Speed
Normal
Resources
Standard
Victory
Conquest
Starting age
Dark Age
Ending age
Imperial Age
RankedLock teamsTeams togetherTeam positionsShared explorationLock speedFull tech treeHidden civsTurbo modeCheats
Victory
Defeat
🇪🇸 Spanish · Spain
1285
+14
🇨🇿 Danes · Czechia
1237
+16
🇺🇸 Georgians · United States
1217
+17
🇪🇸 Celts · Spain
1177
+18
🇲🇽 Hindustanis · Mexico
1302
-20
🇲🇽 Vikings · Mexico
1244
-17
🇲🇽 Cumans · Mexico
1232
-16
🇲🇽 Armenians · Mexico
1142
-12
AquilaMaximus
11:36 Feudal Age
15:45 Castle Age
14:08 Double-Bit Axe
14:06 Horse Collar
21:01 Guard Tower
21:25 Heavy Plow
21:55 Loom
22:26 Scale Barding Armor
23:16 Forging
24:44 Iron Casting
26:22 Chain Barding Armor
27:50 Husbandry
28:00 Bloodlines
29:48 Wheelbarrow
30:08 Stone Mining
30:31 Bow Saw
30:16 Gold Mining
31:35 Ballistics
31:07 Fletching
32:19 Hand Cart
33:15 Svan Towers
Mimon
0:43 Loom
12:36 Feudal Age
16:25 Castle Age
15:00 Fletching
17:38 Double-Bit Axe
25:48 Castle Age
CARANZA
1:13 Loom
12:34 Feudal Age
13:05 Double-Bit Axe
17:09 Castle Age
15:49 Horse Collar
16:13 Fletching
20:26 Wheelbarrow
22:47 Bloodlines
26:20 Padded Archer Armor
28:35 Hand Cart
Nicolass
10:40 Feudal Age
16:56 Castle Age
20:24 Forging
20:26 Man-at-Arms
21:29 Scale Mail Armor
22:28 Long Swordsman
29:22 Chain Mail Armor
[ Wildpigs ] Er
5:32 Loom
12:00 Feudal Age
12:50 Horse Collar
12:58 Double-Bit Axe
13:09 Gold Mining
16:09 Castle Age
18:11 Wheelbarrow
21:02 Hand Cart
27:19 Imperial Age
28:26 Bloodlines
[ Wildpigs ] RonRon
10:26 Feudal Age
10:28 Man-at-Arms
11:20 Long Swordsman
23:43 Castle Age
21:33 Double-Bit Axe
21:47 Horse Collar
23:56 Pikeman
23:59 Crossbowman
[ Wildpigs ] Carlofos
0:26 Loom
10:40 Feudal Age
11:21 Double-Bit Axe
14:08 Horse Collar
18:42 Castle Age
16:35 Stone Mining
16:30 Horse Collar
17:16 Town Watch
17:27 Fletching
20:48 Fortified Wall
21:18 Bodkin Arrow
22:59 Treadmill Crane
27:34 Scale Mail Armor
[ Wildpigs ] Mighty MOSE
9:31 Feudal Age
12:19 Double-Bit Axe
12:36 Loom
16:53 Horse Collar
19:00 Wheelbarrow
26:48 Castle Age
27:02 Scale Barding Armor
27:21 Bloodlines
32:35 Imperial Age
32:33 Fletching
33:05 Chain Barding Armor
Connection lost

Rejoining the realm…

Still unreachable

The connection could not be restored.

Session expired

The server has moved on; the page needs a fresh start.